 Dungeon Crawl Stone Soup version 0.31-a0-816-gd61d57ddb1 (webtiles) character file.

Game seed: 10632069162380267160

2054 ipx the Cleaver (level 9, -2/66 (67) HPs)
             Began as a Demonspawn Gladiator on Sept 22, 2023.
             Was an Initiate of Makhleb.
             Asphyxiated
             ... on level 6 of the Dungeon on Sept 23, 2023.
             The game lasted 00:49:38 (2873 turns).

ipx the Cleaver (Demonspawn Gladiator)              Turns: 2873, Time: 00:49:39

HP:   -2/66 (67)    AC: 18    Str: 18    XL:     9   Next: 5%
MP:   9/9           EV:  9    Int: 10    God:    Makhleb [......]
Gold: 74            SH:  8    Dex: 15    Spells: 8/8 levels left

rFire   . . .        C - +5 halberd (freeze)
rCold   . . .        (shield currently unavailable)
rNeg    . . .        k - +2 chain mail {rPois}
rPois   +            c - +0 helmet
rElec   .            y - +0 cloak
rCorr   .            B - +0 pair of gloves
SInv    .            o - +2 pair of boots
Will    .....        (no amulet) Stlth
                     (no ring)
HPRegen 0.31/turn    (no ring)
MPRegen 0.11/turn

%: no passive effects
@: lethally poisoned (-2 -> -5), slowed, lightly drained, very slow
A: large bone plates 3, demonic guardian 2
a: Renounce Religion


You were on level 6 of the Dungeon.
You worshipped Makhleb.
Makhleb was noncommittal.
You visited 2 branches of the dungeon, and saw 8 of its levels.

You collected 210 gold pieces.
You spent 136 gold pieces at shops.

Inventory:

Hand Weapons
 a - a +0 war axe
 n - a +1 dagger of venom
 C - a +5 halberd of freezing (weapon)
Missiles
 d - 3 throwing nets
 j - a curare-tipped dart (quivered)
 m - 4 darts of dispersal
Armour
 c - a +0 helmet (worn)
 k - a +2 chain mail of poison resistance (worn)
 o - a +2 pair of boots (worn)
 q - an orb of guile
 y - a +0 cloak (worn)
 B - a +0 pair of gloves (worn)
Jewellery
 v - a ring of see invisible
Wands
 e - a wand of digging (8)
 D - a wand of light (6)
Scrolls
 b - a scroll of vulnerability
 f - 2 scrolls of teleportation
 g - 2 scrolls of fog
 l - 3 scrolls of enchant weapon
 r - a scroll of fear
 E - a scroll of noise {unknown}
 F - a scroll of torment {unknown}
Potions
 h - 2 potions of magic
 p - 2 potions of attraction
 s - a potion of enlightenment {unknown}
 t - a potion of might {unknown}
 u - a potion of cancellation
 w - a potion of heal wounds {unknown}
 x - a potion of invisibility {unknown}
 z - 2 potions of resistance {unknown}
 A - a potion of lignification {unknown}


   Skills:
 + Level 4.9 Fighting
 - Level 8.4 Axes
 + Level 0.0(5.1) Polearms
 - Level 3.0 Throwing
 + Level 5.4 Armour
 - Level 2.6 Dodging


You had 8 spell levels left.
You didn't know any spells.
Your spell library contained the following spells:

 Spells                   Type           Power      Damage    Failure   Level
 Shock                    Conj/Air       0%         1d3       97%         1
 Cigotuvi's Dreadful Rot  Necr/Pois/Air  0%         N/A       99%         2
 Ignite Poison            Fire/Tmut/Pois 0%         N/A       100%        3
 Ozocubu's Armour         Ice            0%         N/A       100%        3
 Summon Guardian Golem    Hex/Summ       0%         N/A       100%        3
 Swiftness                Air            0%         N/A       100%        3
 Volatile Blastmotes      Fire/Tloc      0%         2d10      100%        3
 Airstrike                Air            0%         2d(0-16)  100%        4
 Fulminant Prism          Conj/Hex       0%         3d5       100%        4
 Iskenderun's Mystic Bla  Conj/Tloc      0%         2d3       100%        4
 Freezing Cloud           Conj/Ice/Air   0%         6-21      100%        5
 Conjure Ball Lightning   Conj/Air       0%         3x3d6     100%        6
 Orb of Destruction       Conj           0%         9d5       100%        7
 Ozocubu's Refrigeration  Ice            0%         4d7       100%        7
 Spellforged Servitor     Conj/Summ      0%         N/A       100%        7
 Discord                  Hex            0%         N/A       100%        8
 Disjunction              Tloc           0%         N/A       100%        8


Dungeon Overview and Level Annotations

Branches:
Dungeon (7/15)             Temple (1/1) D:6

Altars:
Ashenzari
Cheibriados
Dithmenos
Fedhas
Gozag
Hepliaklqana
Kikubaaqudgha
Makhleb
Nemelex Xobeh
Okawaru
Qazlal
Ru
Sif Muna
Wu Jian
Xom

Shops:
D:5 *   D:6 *


Innate Abilities, Weirdness & Mutations

You are completely covered in large bone plates. (SH +8)
A demonic guardian rushes to your aid.


Message History

You swing at nothing.
You swing at nothing.
You swing at nothing.
You swing at nothing.
You swing at nothing.
You swing at nothing.
You swing at nothing.
You swing at nothing.
You swing at nothing.
You swing at nothing.
You swing at nothing.
You swing at nothing.
You swing at nothing.
You feel yourself speed up.
You swing at nothing.
Things that are here:
a +5 great sword; a +0 robe
Things that are here:
a +2 great sword; a +0 robe You recover from your berserk rage.
z - 2 murky blue potions (gained 1)
You see here 16 gold pieces.
You now have 74 gold pieces (gained 16).
The kobold brigand throws a curare-tipped dart.
The curare-tipped dart hits you.
You are poisoned.
You have difficulty breathing.
* * * LOW HITPOINT WARNING * * *
You feel yourself slow down.
* * * LOW HITPOINT WARNING * * *
You feel very sick.
The kobold brigand throws a curare-tipped dart.
You block the curare-tipped dart.
You feel very sick.
Okay, then.
You feel sick.
You feel sick.
The kobold brigand throws a curare-tipped dart.
The curare-tipped dart hits you.
You have difficulty breathing.
You die...

#.......######...........#......
#...............................
#..............#.........###....
#.......##..##.#......[..###....
#.......###.##.#.....(.K####....
#......(# #.##.#....<...####....
#.......# #....#)[......####....
#.......# #....#)###)K.###......
#.......# #....@.......###.####.
#.......# #......##.....##z#.[..
#.......######.#........#....###
##########.)...)...#........[#
#.).......#...##.<..#
#.........#.......###
###########...##..#
**********#.###..##
*,,,,,,,,....,..##


You could see a kobold brigand.

Vanquished Creatures
  2 water moccasins
  A black bear (D:5)
  An ogre (D:5)
  2 orc warriors (D:6)
  3 centaurs
  2 phantoms
  Blork the orc (D:4)
  A bullfrog (D:4)
  A scorpion (D:4)
  5 wights (D:6)
  3 hounds
  A jelly (D:4)
  4 orc priests
  Jessica (D:2)
  2 orc wizards
  Natasha (D:4)
  2 iguanas
  A sleepcap (D:7)
  4 adders
  6 gnolls
  A shadow imp (D:7)
  2 ufetubi
  2 worms
  A dart slug (D:2)
  21 orcs
  7 endoplasms
  4 giant cockroaches
  8 goblins
  5 hobgoblins
  6 jackals
  2 quokkas
  5 ball pythons
  5 bats
  3 frilled lizards
  7 kobolds
  6 rats
129 creatures vanquished.

Vanquished Creatures (collateral kills)
  A gnoll (D:5)
1 creature vanquished.

Grand Total: 130 creatures vanquished

Notes
Turn   | Place    | Note
-------+----------+-------------------------------------------
     0 | D:1      | ipx the Demonspawn Gladiator began the quest for the Orb.
     0 | D:1      | Reached XP level 1. HP: 16/16 MP: 1/1
    67 | D:2      | Reached skill level 3 in Axes
   118 | D:3      | Gained mutation: You are partially covered in large bone
                  | plates. (SH +4) [demonic ancestry]
   118 | D:3      | Reached XP level 2. HP: 21/22 MP: 2/2
   338 | D:2      | Noticed Jessica
   483 | D:1      | Reached XP level 3. HP: 27/27 MP: 3/3
   551 | D:2      | Killed Jessica
   589 | D:3      | Found a sparkling altar of Nemelex Xobeh.
   623 | D:2      | Gained mutation: You are mostly covered in large bone
                  | plates. (SH +6) [demonic ancestry]
   623 | D:2      | Reached XP level 4. HP: 34/34 MP: 4/4
   666 | D:2      | Found a faded altar of an unknown god.
   938 | D:4      | Noticed Blork the orc
   947 | D:4      | Killed Blork the orc
   948 | D:4      | Reached XP level 5. HP: 42/42 MP: 5/5
   957 | D:4      | Reached skill level 4 in Axes
  1061 | D:5      | Entered Level 5 of the Dungeon
  1170 | D:4      | Reached skill level 1 in Armour
  1170 | D:4      | Reached XP level 6. HP: 48/48 MP: 6/6
  1220 | D:4      | Noticed Natasha
  1228 | D:4      | Killed Natasha
  1538 | D:6      | Noticed an orc warrior
  1585 | D:5      | Noticed a water moccasin
  1609 | D:5      | Killed a water moccasin
  1610 | D:5      | Reached skill level 5 in Axes
  1610 | D:5      | Gained mutation: You are completely covered in large bone
                  | plates. (SH +8) [demonic ancestry]
  1610 | D:5      | Reached XP level 7. HP: 40/54 MP: 7/7
  1672 | D:5      | Found Tysithraz's General Store.
  1678 | D:5      | Bought a scroll of revelation for 82 gold pieces
  1908 | D:6      | Reached skill level 6 in Axes
  2002 | D:6      | Gained mutation: A weak demonic guardian rushes to your
                  | aid. [demonic ancestry]
  2002 | D:6      | Reached XP level 8. HP: 21/60 MP: 8/8
  2110 | D:6      | Found Puojuap's Neck Hole.
  2118 | D:6      | Bought a +0 cloak for 54 gold pieces
  2239 | D:5      | Reached skill level 7 in Axes
  2377 | D:5      | You fall into a shaft and drop 2 floors!
  2383 | D:7      | Noticed a purple ugly thing
  2467 | D:7      | Reached skill level 8 in Axes
  2574 | D:7      | Found a blossoming altar of Fedhas.
  2677 | D:6      | Found a staircase to the Ecumenical Temple.
  2688 | Temple   | Entered the Ecumenical Temple
  2707 | Temple   | Became a worshipper of Makhleb the Destroyer
  2778 | D:6      | Reached skill level 5 in Armour
  2830 | D:6      | Gained mutation: A demonic guardian rushes to your aid.
                  | [demonic ancestry]
  2830 | D:6      | Reached XP level 9. HP: 19/65 MP: 9/9
  2873 | D:6      | Asphyxiated

Illustrated notes

Levels and vault maps discovered:
D:1:      dpeg_arrival_chambers_temple_mockup, layout_basic
D:2:      layout_rooms, ebering_ecumenical_altar_hall, uniq_jessica
D:3:      layout_basic, nemelex_xobeh_ov_fountains_minmay,
          dk_yredelemnul_ordeal, st_stairs_9
D:4:      layout_loops_ring, uniq_blork_the_orc, uniq_natasha
D:5:      layout_cave_pods, serial_shops, shop, minmay_mini_ossuary
D:6:      layout_rooms, minmay_temple_entry_glassed_door, corexii_corridor_pit,
          nicolae_shop_sticking_my_neck_out
D:7:      layout_basic, fedhas_altar_3
Temple:   nicolae_temple_bog_church

Skill      XL: |  1  2  3  4  5  6  7  8 |
---------------+-------------------------+-----
Axes           | 3 4 5 6 8 |  8.4
Throwing       | 2 3 |  3.0
Fighting       | 3 4 |  4.9
Armour         | 1 2 4 5 |  5.4
Dodging        | |  2.6

Action                     |  1- 3 |  4- 6 |  7- 9 || total
---------------------------+-------+-------+-------++-------
  Melee: War axe           |    41 |     3 |    43 ||    87
         Dagger            |    44 |   166 |   205 ||   415
         Punch             |       |     2 |     2 ||     4
         Halberd           |       |       |    30 ||    30
  Throw: Dart              |     4 |    13 |     5 ||    22
         Javelin           |     2 |     2 |       ||     4
    Use: Scroll            |     1 |     7 |     5 ||    13
         Potion            |       |       |     2 ||     2
   Stab: Sleeping          |     2 |       |       ||     2
         Distracted        |       |       |     1 ||     1
 Armour: Leather armour    |    44 |    27 |       ||    71
         Chain mail        |       |    83 |   252 ||   335
         Robe              |       |     3 |       ||     3
  Dodge: Dodged            |    52 |    70 |   108 ||   230
  Block: Other             |    18 |    55 |   148 ||   221

Table legend: (Time is in decaauts)
 A = Elapsed time spent in this place.
 B = Non-inter-level travel time spent in this place.
 C = Inter-level travel time spent in this place.
 D = Time resting spent in this place.
 E = Time spent auto-exploring this place.
 F = Levels seen in this place.
 G = Mean time per level.
                   A        B        C        D        E       F      G
               +--------+--------+--------+--------+--------+-----+--------+
         Total |   2946 |   2779 |    167 |      0 |      0 |   8 |  368.2 |
       Dungeon |   2908 |   2777 |    131 |      0 |      0 |   7 |  415.4 |
        Temple |     38 |      2 |     36 |      0 |      0 |   1 |   38.0 |
               +--------+--------+--------+--------+--------+-----+--------+

Top non-repeatable levels by time:
     D:6: 533 daAuts
     D:4: 532 daAuts
     D:5: 504 daAuts
     D:1: 458 daAuts
     D:2: 359 daAuts
     D:7: 309 daAuts
     D:3: 209 daAuts
  Temple: 38 daAuts
